Map: Ruins of Seras

Players

Sacrilege

  • Race: Zerg Zerg
  • League: Grandmaster

BunnyWillis - Winner!

  • Race: Terran Terran
  • League: Grandmaster

VOD

Have the link to the VOD?

Description

Time

  • Played on: Nov. 22, 2015, 8:47 p.m.
  • Length: 16:18
Show
View Real Time Build Order
Export as new Build Order

Sacrilege Zerg 

Build Orders: Hatch First, Muta Ling Bane 

Get SALT Encoding   

  12  0:02  Drone  
  13  0:13  Overlord  
  13  0:17  Drone  
  14  0:31  Drone  
  14  0:32  Drone  
  14  0:35  Drone  
  17  0:46  Drone  
  18  0:57  Hatchery  
  18  1:00  Drone  
  18  1:13  Spawning Pool  
  18  1:16  Drone  
  18  1:20  Drone  
  18  1:24  Extractor  
  18  1:29  Drone  
  19  1:43  Overlord  
  19  2:00  Queen  
  22  2:01  Zergling x4  
  23  2:09  Queen  
  23  2:11  Drone  
  26  2:16  Drone  
  27  2:23  Drone x2  
  29  2:38  Lair  
  29  2:39  Drone x2  
  29  2:43  Overlord  
  31  2:44  Queen  
  31  2:49  Drone  
  34  2:53  Drone  
  34  2:57  Drone  
  36  3:03  Drone  
  37  3:09  Drone  
  37  3:10  Drone x3  
  41  3:13  Extractor  
  41  3:19  Drone  
  41  3:23  Queen  
  41  3:24  Overlord  
  43  3:40  Spire  
  43  3:41  Extractor  
  41  3:44  Drone, Extractor  
  41  3:45  Drone x4  
  41  3:46  Spine Crawler  
  44  3:50  Drone x2  
  46  4:01  Evolution Chamber  
  46  4:02  Baneling Nest  
  44  4:04  Drone  
  44  4:05  Drone  
  44  4:07  Drone  
  47  4:15  Overlord  
  47  4:16  Drone  
  48  4:17  Drone x2  
  50  4:30  Drone  
  50  4:31  Evolution Chamber, Drone x2  
  52  4:33  Overlord  
  52  4:52  Mutalisk x5  
  54  4:56  Mutalisk  
  64  5:07  Metabolic Boost  
  64  5:09  Drone x2  
  64  5:10  Drone  
  67  5:22  Hatchery  
  67  5:26  Overlord  
  66  5:28  Zerg Melee Weapons Level 1  
  66  5:33  Zerg Ground Armor Level 1  
  66  5:35  Drone  
  67  5:36  Drone  
  67  5:40  Overlord  
  68  5:43  Overlord  
  68  5:49  Spore Crawler  
  67  5:52  Drone  
  67  5:53  Drone  
  67  5:54  Drone  
  67  5:55  Drone  
  71  5:59  Overseer  
  71  6:09  Drone  
  71  6:10  Drone x3  
  75  6:20  Drone  
  75  6:21  Drone x4  
  80  6:29  Drone  
  80  6:30  Drone  
  82  6:43  Centrifical Hooks  
  82  6:49  Mutalisk x3  
  82  6:50  Extractor  
  82  6:51  Extractor  
  86  6:54  Drone  
  86  6:55  Queen  
  89  7:01  Mutalisk x3  
  89  7:03  Zergling x2  
  89  7:06  Drone x2  
  98  7:11  Overlord  
  98  7:21  Mutalisk  
  98  7:27  Zerg Flyer Armor Level 1  
  98  7:30  Drone x4  
  98  7:31  Drone  
  98  7:35  Zergling x6  
  106  7:44  Overlord  
  106  7:45  Overlord  
  106  7:51  Overlord  
  106  7:53  Zerg Melee Weapons Level 2  
  106  7:54  Zerg Ground Armor Level 2  
  106  7:56  Infestation Pit  
  105  7:58  Hatchery  
  105  8:04  Baneling x6  
  105  8:05  Baneling  
  104  8:07  Zergling x2  
  104  8:08  Zergling x18  
  114  8:15  Zergling x8  
  112  8:30  Zergling x2  
  112  8:31  Zergling x16  
  112  8:32  Baneling x2  
  112  8:33  Baneling x2  
  119  8:37  Hive, Pneumatized Carapace  
  119  8:39  Zergling x4  
  119  8:41  Zergling x2  
  122  8:45  Overlord x3  
  122  8:52  Baneling x2  
  122  8:53  Baneling x15  
  122  8:55  Overlord  
  122  9:03  Mutalisk  
  122  9:05  Zergling x4  
  122  9:06  Zergling x10  
  131  9:12  Overlord, Drone  
  131  9:13  Drone x3  
  131  9:15  Zergling x4  
  108  9:49  Zergling x2  
  108  9:50  Zergling x28  
  108  9:51  Zergling x4  
  108  9:52  Extractor  
  121  9:54  Extractor  
  121  9:56  Mutalisk x2  
  121  9:57  Mutalisk x2  
  121  9:58  Ultralisk Cavern  
  127  10:00  Zergling x2  
  128  10:11  Zerg Ground Armor Level 3, Zerg Melee Weapons Level 3  
  128  10:13  Zergling x2  
  128  10:14  Zergling x12  
  135  10:24  Zergling x2  
  135  10:25  Zergling x16  
  135  10:27  Zergling x2  
  135  10:28  Zergling x2  
  146  10:35  Zergling x4  
  147  10:36  Zergling x6  
  151  10:47  Baneling  
  151  10:48  Baneling x15  
  151  10:50  Chitinous Plating  
  151  10:56  Ultralisk, Overlord  
  153  11:18  Ultralisk x2  
  142  11:30  Ultralisk  
  135  11:34  Zergling x2  
  135  11:35  Zergling x24  
  141  11:40  Zergling x2  
  130  12:03  Ultralisk x2  
  130  12:06  Hatchery, Zergling x10  
  116  12:09  Mutalisk  
  116  12:11  Mutalisk  
  119  12:22  Overseer  
  119  12:25  Hatchery  
  119  12:29  Ultralisk  
  124  12:32  Drone  
  124  12:33  Mutalisk  
  124  12:35  Mutalisk  
  124  12:44  Mutalisk  
  124  12:46  Mutalisk, Zergling x2  
  124  12:47  Zergling x2  
  124  12:48  Zergling x6  
  133  13:01  Overseer  
  133  13:03  Ultralisk  
  133  13:05  Zergling x6  
  140  13:06  Zergling x4  
  144  13:12  Baneling  
  144  13:13  Baneling x6  
  144  13:14  Baneling  
  144  13:20  Zergling x2  
  144  13:21  Zergling x8  
  149  13:28  Drone x3, Extractor  
  149  13:29  Drone x2, Extractor  
  152  13:34  Zergling x2  
  152  13:35  Zergling x6  
  155  13:46  Drone x3  
  155  13:47  Drone x2  
  158  13:55  Ultralisk  
  159  13:59  Baneling  
  159  14:00  Baneling x10  
  159  14:05  Spine Crawler  
  159  14:07  Spine Crawler  
  159  14:09  Spine Crawler  
  156  14:10  Zergling x2  
  156  14:11  Zergling x2  
  158  14:21  Zergling x14  
  165  14:24  Overlord  
  165  14:25  Overlord  
  152  14:48  Ultralisk x2  
  152  14:49  Zergling x16  
  152  14:52  Mutalisk  
  144  14:53  Zergling x2  
  144  14:54  Zergling x2  
  125  15:03  Zergling x4  
  125  15:05  Zergling x10  
  131  15:14  Ultralisk  
  123  15:15  Zergling x2  
  123  15:18  Mutalisk  
  110  15:29  Mutalisk x2  
  110  15:35  Zergling x2  
  100  15:36  Zergling x6  
  103  15:45  Extractor  
  103  15:47  Zergling x2  
  103  15:48  Zergling x10  
  101  15:53  Mutalisk  
Show
View Real Time Build Order
Export as new Build Order

BunnyWillis Terran - Winner!

Build Orders: Command Center First (CC), Bio Mine, Hellion Banshee 

Get SALT Encoding   

  12  0:01  SCV  
  13  0:13  SCV  
  14  0:19  Supply Depot  
  14  0:25  SCV  
  15  0:40  SCV  
  16  0:52  SCV  
  17  1:01  Command Center  
  17  1:04  SCV  
  18  1:16  Barracks  
  18  1:20  SCV  
  19  1:26  Refinery  
  19  1:32  SCV  
  20  1:44  SCV  
  21  2:02  Orbital Command  
  21  2:03  Marine  
  22  2:15  Bunker, Orbital Command  
  22  2:22  Marine  
  23  2:28  SCV  
  23  2:32  Factory  
  23  2:40  SCV  
  23  2:41  SCV  
  25  2:44  Barracks Reactor  
  25  2:53  SCV x2  
  25  2:54  Refinery  
  27  3:05  SCV x2  
  29  3:13  Supply Depot  
  29  3:14  Supply Depot  
  29  3:19  SCV x2  
  31  3:24  Starport  
  31  3:29  Hellion x2, Barracks Tech Lab  
  31  3:31  SCV x2  
  37  3:43  SCV x2  
  39  3:50  Hellion x2  
  39  3:55  SCV  
  44  3:57  Barracks Tech Lab  
  44  3:58  SCV  
  45  4:07  SCV  
  45  4:09  Cloaking Field  
  46  4:10  SCV, Banshee  
  46  4:11  Hellion  
  46  4:12  Hellion  
  54  4:25  Supply Depot  
  54  4:26  Supply Depot  
  54  4:29  Stimpack  
  54  4:38  Command Center  
  54  4:46  SCV x2, Marine  
  54  4:47  Engineering Bay  
  54  4:48  Engineering Bay  
  54  4:49  Refinery  
  54  4:50  Refinery  
  57  4:53  Factory Reactor  
  57  4:58  Banshee  
  57  4:59  Barracks  
  61  5:00  SCV, Barracks  
  61  5:01  SCV  
  62  5:12  SCV  
  62  5:13  SCV, Marine  
  65  5:17  Terran Infantry Weapons Level 1  
  65  5:19  Missile Turret  
  65  5:24  SCV, Missile Turret  
  65  5:28  Terran Infantry Armor Level 1  
  64  5:29  SCV  
  64  5:31  Missile Turret  
  64  5:32  Missile Turret  
  65  5:36  SCV  
  65  5:37  Missile Turret, Marine  
  65  5:41  SCV  
  65  5:42  Missile Turret  
  68  5:48  SCV  
  69  5:50  Marine x2  
  69  5:51  Missile Turret  
  69  5:54  SCV  
  69  5:55  Marine  
  74  5:57  Starport Reactor  
  74  5:59  Marine x2  
  52  6:04  Orbital Command  
  75  6:08  Marine x2  
  75  6:11  SCV  
  74  6:13  Marine  
  74  6:17  SCV, Marine x2  
  78  6:23  SCV  
  79  6:26  Marine x2  
  79  6:29  Combat Shields  
  79  6:30  Marine, Orbital Command  
  79  6:31  Supply Depot  
  79  6:32  Supply Depot, Factory Reactor  
  79  6:37  Barracks  
  79  6:39  Barracks  
  79  6:42  Missile Turret  
  79  6:43  SCV x2  
  81  6:49  Marine x3  
  81  6:50  Marine  
  81  6:52  Medivac, Marine  
  81  6:53  Medivac  
  90  6:59  Missile Turret  
  90  7:00  Supply Depot  
  90  7:04  Armory  
  90  7:06  SCV x3  
  93  7:09  Marine  
  93  7:10  Marine  
  93  7:11  Widow Mine x2  
  93  7:12  Marine  
  93  7:13  Marine  
  101  7:22  SCV x3, Marine  
  105  7:28  Supply Depot, Marine x2  
  105  7:29  Supply Depot  
  108  7:31  Barracks Reactor, Supply Depot  
  108  7:32  Marauder  
  105  7:39  SCV x2  
  105  7:40  Widow Mine, Marauder  
  109  7:49  Factory, Medivac x2, Widow Mine  
  109  7:50  Terran Infantry Weapons Level 2  
  115  7:52  Terran Infantry Armor Level 2  
  115  7:55  Marine x2  
  115  7:56  Marine x2  
  119  8:01  Marine x2  
  121  8:06  Marine x2  
  121  8:09  Missile Turret  
  121  8:10  Missile Turret  
  123  8:13  Marine  
  124  8:24  Marine  
  119  8:29  Marine x4  
  119  8:31  Marauder x2, Widow Mine x2  
  119  8:32  Medivac  
  119  8:33  Medivac  
  129  8:36  Factory Tech Lab  
  129  8:39  Command Center  
  129  8:40  Marine  
  129  8:41  Concussive Shells  
  130  8:42  Marine  
  130  8:47  SCV x2  
  133  8:56  Marauder, Marine x4  
  133  8:58  Supply Depot  
  133  8:59  Supply Depot  
  133  9:00  Supply Depot  
  138  9:03  Marine  
  138  9:04  Marine  
  138  9:05  Marine  
  138  9:07  Thor  
  138  9:08  Widow Mine  
  149  9:10  Widow Mine  
  149  9:13  Marine  
  149  9:15  Marine  
  149  9:16  Marine x2  
  155  9:18  Drilling Claws  
  135  9:41  Marine x3  
  135  9:42  Marine x3  
  135  9:43  Marine x2  
  135  9:44  Widow Mine  
  135  9:45  Widow Mine  
  136  9:46  Medivac x2  
  129  9:59  Marine x3  
  130  10:00  Marine  
  130  10:01  Marauder x2  
  130  10:03  Refinery  
  130  10:04  Refinery  
  129  10:07  Thor  
  129  10:09  Marine x2  
  139  10:15  Missile Turret  
  139  10:16  Medivac x2  
  139  10:17  Marine  
  139  10:18  Missile Turret  
  139  10:19  Marine x2  
  139  10:20  Marine  
  145  10:22  Marine  
  140  10:30  SCV x3  
  140  10:32  Marine x2  
  140  10:33  Marine  
  140  10:35  Marine  
  143  10:36  Marine  
  143  10:37  Marine  
  143  10:38  Marine  
  146  10:52  Marine x3  
  146  10:53  Planetary Fortress  
  146  10:56  Missile Turret  
  151  11:01  Widow Mine x2  
  151  11:02  Widow Mine  
  155  11:07  Terran Infantry Armor Level 3  
  155  11:08  Marine x2  
  155  11:09  Marine  
  155  11:10  Marine  
  159  11:14  Marine x3  
  159  11:15  Marine  
  163  11:21  Terran Infantry Weapons Level 3  
  147  11:25  Marine  
  147  11:26  Marine  
  147  11:31  Marine x2  
  147  11:32  Marine x4  
  131  11:36  Widow Mine  
  129  11:40  Liberator  
  129  11:43  Marine x2  
  130  11:49  Marine x2  
  130  11:50  Marine x4  
  130  11:51  Barracks  
  130  11:53  Barracks  
  136  11:54  Barracks  
  136  11:58  Starport  
  138  12:01  Marine x2  
  138  12:02  Liberator  
  138  12:06  Marine  
  138  12:07  Marauder  
  138  12:08  Marine  
  121  12:09  Marauder  
  121  12:15  Marine x2  
  102  12:18  Thor, Widow Mine x2  
  115  12:23  Marine x2  
  115  12:27  SCV  
  115  12:28  SCV x2  
  115  12:29  SCV  
  121  12:33  Liberator  
  121  12:35  Liberator  
  121  12:37  Marine x5  
  121  12:38  Marauder  
  124  12:48  Barracks Tech Lab x3  
  119  12:56  Marauder  
  124  12:59  Marauder  
  124  13:02  Medivac  
  128  13:06  Marine  
  128  13:07  Marine x2, Marauder x3  
  128  13:09  Marine x3  
  140  13:16  Widow Mine x2  
  140  13:18  Liberator  
  140  13:19  Thor  
  150  13:24  Terran Ship Weapons Level 1  
  150  13:32  Medivac, Marauder x5  
  150  13:33  Medivac  
  167  13:45  Liberator  
  167  13:46  Liberator, Marine x3  
  167  13:47  Marine x3  
  173  13:53  Marauder x4  
  173  13:54  Marauder  
  173  14:08  Command Center  
  179  14:14  Marauder x2  
  179  14:15  Marauder, Marine x4  
  189  14:19  Marauder  
  191  14:29  Marine x2  
  183  14:47  Liberator, Marine x3  
  183  14:48  Liberator x2  
  183  14:52  Marine x2  
  146  15:03  Marine x4  
  146  15:04  Marauder x2  
  147  15:18  Marine x4  
  147  15:19  Marine  
  147  15:20  Marine  
  147  15:21  Marauder x2, Marine  
  150  15:25  Marauder  
  149  15:33  Marine  
  144  15:36  Marine  
  144  15:40  Marine x3  
  144  15:42  Marine x3  
  148  15:43  Marauder x2  
  148  15:47  Marauder  
  161  15:55  Marine  
  161  15:56  Marine  
  159  16:00  Marine x2  
Tags
 
Add a new tag
Caveats
  • Supply blocks, unpowered buildings, or Contaminate may cause inaccurate times.
  • Supply counts are checked every 10 seconds.